 Dungeon Crawl Stone Soup version 0.18-a0-1789-gbeff17f (webtiles) character file.

13 macross the Skirmisher (level 2, 0/25 HPs)
             Began as a Formicid Abyssal Knight on Apr 21, 2016.
             Was an Initiate of Lugonu.
             Slain by a goblin
             ... wielding a +0 club
              (1 damage)
             ... on level 1 of the Dungeon.
             The game lasted 00:02:39 (913 turns).

macross the Skirmisher (Formicid Abyssal Knight)     Turns: 913, Time: 00:02:39

Health: 0/25       AC:  8    Str: 16    XL:     2   Next: 50%
Magic:  3/3        EV:  6    Int: 11    God:    Lugonu [......]
Gold:   20         SH:  3    Dex: 10    Spells: 0 memorised, 1 level left

rFire  . . .     SeeInvis +     a - +1 falchion
rCold  . . .     Gourm    .     f - +0 chain mail
rNeg   . . .     Faith    .     e - +0 buckler
rPois  .         Spirit   .     (helmet unavailable)
rElec  .         Dismiss  .     (no cloak)
rCorr  .         Reflect  .     (no gloves)
SustAt .         Harm     .     (no boots)
MR     .....                    (no amulet)
Stlth  ..........               (no ring)
                                (no ring)

@: not resistant to hostile enchantments, extremely unstealthy
A: permanent stasis, dig shafts and tunnels, four strong arms, antennae 3
a: Dig, Shaft Self, Renounce Religion


You were on level 1 of the Dungeon.
You worshipped Lugonu.
Lugonu was noncommittal.
You were not hungry.

You visited 1 branch of the dungeon, and saw 1 of its levels.
You visited the Abyss 1 time.

You collected 20 gold pieces.

Inventory:

Hand Weapons
 a - a +1 falchion (weapon)
Armour
 b - a +0 leather armour
 e - a +0 buckler (worn)
 f - a +0 chain mail (worn)
 i - a +0 leather armour
Scrolls
 d - a scroll of teleportation {unknown}
Potions
 g - a potion of invisibility {unknown}
Comestibles
 c - a bread ration
 h - a meat ration


   Skills:
 + Level 3.7 Fighting
 + Level 2.2 Long Blades
 + Level 2.2 Armour
 + Level 1.0 Dodging
 + Level 2.3 Invocations


You had one spell level left.
You didn't know any spells.

Dungeon Overview and Level Annotations

Branches:
Dungeon (1/15)

Altars:


Innate Abilities, Weirdness & Mutations

You are under a permanent stasis effect.
You can dig through walls and to a lower floor.
Your four strong arms can wield two-handed weapons with a shield.
You have a pair of large antennae on your head (SInv).


Message History

The goblin hits you but does no damage. The goblin barely misses you.
The goblin barely misses you. The goblin hits you but does no damage.
The goblin hits you but does no damage. The goblin hits you with a club.
* * * LOW HITPOINT WARNING * * *
The goblin hits you but does no damage. The goblin hits you but does no damage.
The goblin hits you but does no damage. The goblin hits you but does no damage.
The goblin hits you but does no damage. The goblin hits you but does no damage.
The goblin completely misses you. The goblin hits you with a club.
* * * LOW HITPOINT WARNING * * *
The goblin hits you but does no damage. The goblin hits you but does no damage.
The goblin hits you with a club.
You die...

#####'## #.#.#...
#....... #.#.#...
...... #.#.#... ....
#.#.####
#.######.#.####
########.....†)...#...
#......#.######.###...
+......'....# #.# #...
#....@.####.###.# #...
#####g..........# #...
#.#####.###.# #... ...
#.#######... ##..
#......('(.. #..#
#########..( #..# ####
#..# # .


You could see a goblin.

Vanquished Creatures
  A giant cockroach (D:1)
  2 goblins (D:1)
  5 jackals (D:1)
  2 kobolds (D:1)
10 creatures vanquished.

Notes
Turn   | Place    | Note
--------------------------------------------------------------
     0 | Abyss:1  | macross the Formicid Abyssal Knight began the quest for the Orb.
     0 | Abyss:1  | Reached XP level 1. HP: 18/18 MP: 2/2
   147 | Abyss:1  | Noticed a starcursed mass
   153 | D:1      | Escaped the Abyss
   768 | D:1      | Reached XP level 2. HP: 22/25 MP: 3/3
   785 | D:1      | Reached skill level 1 in Dodging
   909 | D:1      | HP: 1/25 [goblin/club (4)]
   913 | D:1      | Slain by a goblin

Vault maps used:
D:1:      dpeg_arrival_lava_altar

Skill      XL: |  1  2 |
---------------+-------+-----
Dodging        | 1 |  1.0
Fighting       | |  3.7
Long Blades    | |  2.2
Armour         | |  2.2
Invocations    | |  2.3

Action                   || total
-------------------------++-------
Melee: Falchion          ||    39
Invok: Depart the Abyss  ||     1
Armor: Chain mail        ||    85
Dodge: Dodged            ||    41
Block: Buckler           ||    11
